cohdb
Replays
Latest Replays
All Replays
Popular Replays
Top Player Replays
Match Explorer
How It Works
Community
CoH3 Stats
Reddit
Sign in to upload your games and track your stats! →
Sign in with Steam
Match 42177141
Unlisted
Match 42177141
Overview
Messages
Build Orders
End
Scout Squad
Construct Barracks
1⁄4-ton 4x4 Truck
Riflemen Squad
Riflemen Squad
Grenade Package
Infantry Support Center
M1 Mortar Team
Riflemen Squad
Construct Motor Pool
Selects Special Operations Battlegroup
Selects Raiding Flares
Construct Medical Station
M24 Chaffee Light Tank
Selects M29 Weasel with M1 Pack Howitzer
M8 Greyhound Armored Car
M1 Anti-tank Gun Team
Engineer Squad
Selects SSF Commando Squad
Selects SSF Commando Squad
M1918 Browning Automatic Rifles
CLUBs37
BazookaJoe
Some_Devil
NachoMz_HQ YT
Kylen
runningDuck
Globalnaya
Danh Vo
0
0
Comments
sign in to comment!
No comments posted yet!